 Dungeon Crawl Stone Soup version 0.29-a0-284-gf9362112df (webtiles) character file.

Game seed: 11778427257076220576

7 frimble the Skirmisher (level 2, -3/25 HPs)
             Began as a Djinni Cinder Acolyte on Mar 14, 2022.
             Was a High Priest of Ignis.
             Slain by a hobgoblin (4 damage)
             ... on level 1 of the Dungeon.
             The game lasted 00:00:25 (268 turns).

frimble the Skirmisher (Djinni Cinder Acolyte)       Turns: 268, Time: 00:00:25

Health: -3/25      AC:  2    Str: 13    XL:     2   Next: 5%
Gold:   0          EV: 11    Int: 15    God:    Ignis [*****.] SH:  0 Dex:  8

rFire   + + +      SeeInvis .   a - -1 short sword (flame)
rCold   x . .      Faith    .   (no shield)
rNeg    . . .      Spirit   .   b - +0 robe
rPois   ∞          Reflect  .   (no helmet)
rElec   .          Harm     .   (no cloak)
rCorr   .          Rampage  .   (no gloves)
Will    .....                   (boots unavailable)
Stlth   +.........              (no amulet)
HPRegen 0.08/turn               (no ring)
MPRegen 0.00/turn               (no ring)

@: flying
A: sickness immunity, fire resistance 2, cold vulnerability 1, float, innate
caster, HP casting, extra vitality 1
a: Renounce Religion, Fiery Armour, Foxfire Swarm, Rising Flame


You were on level 1 of the Dungeon.
You worshipped Ignis.
Ignis was extremely pleased with you.
You visited 1 branch of the dungeon, and saw 1 of its levels.

Inventory:

Hand Weapons
 a - a -1 short sword of flaming (weapon)
Armour
 b - a +0 robe (worn)


   Skills:
 + Level 3.1 Fighting
 + Level 2.8 Short Blades
 + Level 2.5 Spellcasting


You had 4 spell levels left.
You knew the following spells:

 Your Spells              Type           Power      Damage    Failure   Level
a - Scorch                Fire           18%        2d6       11%         2
Your spell library was empty.

Dungeon Overview and Level Annotations

Branches:
Dungeon (1/15)

Altars:


Innate Abilities, Weirdness & Mutations

You are immune to sickness and miasma.
You are immune to poison.
Your flesh is very heat resistant. (rF++)
You are vulnerable to cold. (rC-)
You float through the air rather than walking.
You learn spells naturally, not from books.
Your magical power is your life essence.
You have superior vitality. (+4 MHP)


Message History

You are too injured to fight recklessly!
You are too injured to fight recklessly!
You are too injured to fight recklessly!
You are too injured to fight recklessly!
You are too injured to fight recklessly!
You are too injured to fight recklessly!
You are too injured to fight recklessly!
You are too injured to fight recklessly!
You are too injured to fight recklessly!
You are too injured to fight recklessly!
You are too injured to fight recklessly!
The kobold attacks as you move away! The kobold hits you with a +0 dagger.
The hobgoblin attacks as you move away!
The hobgoblin hits you but does no damage.
The kobold attacks as you move away! The kobold barely misses you.
The endoplasm attacks as you move away! The endoplasm closely misses you.
The kobold attacks as you move away! The kobold hits you with a +0 dagger.
* * * LOW HITPOINT WARNING * * *
You hit the kobold. You burn the kobold.
You kill the kobold!
You hit the endoplasm. You burn the endoplasm.
The endoplasm is heavily wounded.
The endoplasm freezes you.
You are frozen.
You feel a terrible chill!
* * * LOW HITPOINT WARNING * * *
You aren't carrying any potions.
You hit the endoplasm. You burn the endoplasm.
You kill the endoplasm!
You have reached level 2!
You hit the hobgoblin but do no damage.
The hobgoblin is almost dead.
The hobgoblin closely misses you.
You barely miss the hobgoblin.
The hobgoblin is almost dead.
The hobgoblin hits you.
* * * LOW HITPOINT WARNING * * *
You hit the hobgoblin but do no damage.
The hobgoblin is almost dead.
The hobgoblin hits you.
You die...

*****#####.#**#+#####*****
*,,,,.......* #.#...,,,,,*
*,,,,.......###.#.##****,*
,,,,,.............).,,,>,*
*,,,,........##..#***,,,,*
*,,,,.......?...†####.##**
*,,,,...................*
*,,......!.....#g###..?.*
*,,............#@# *,,,.*
***#..#####....#)# *,,,,*


,,,PP.PPPPPPPP.#.# *,,,,* ,,,.....PPPPPP.#.# ****** ,,,PPPPP..PPP..#.# ***
,,,P...PP......#.# *,* ,,,.PPP.P..†P..#.# **,** ,P.PP.PP.P.)P..#.# **,,,,
P.PP.P.PP.P......# *,,,*, You could see a hobgoblin.

Vanquished Creatures
  An endoplasm (D:1)
  A hobgoblin (D:1)
  2 kobolds (D:1)
  A frilled lizard (D:1)
  2 rats (D:1)
7 creatures vanquished.

Vanquished Creatures (others)
  12 plants (D:1)
12 creatures vanquished.

Grand Total: 19 creatures vanquished

Notes
Turn   | Place    | Note
-------+----------+-------------------------------------------
     0 | D:1      | frimble the Djinni Cinder Acolyte began the quest for the
                  | Orb.
     0 | D:1      | Reached XP level 1. HP: 20/20 MP: 0/0
   264 | D:1      | HP: 1/20 [frozen (3)]
   266 | D:1      | Reached XP level 2. HP: 2/25 MP: 0/0
   268 | D:1      | Slain by a hobgoblin

Illustrated notes

Levels and vault maps discovered:
D:1:      roderic_crop_circles_arrival_small, layout_basic, serial_shops, shop,
          nicolae_figureground_pulse

Action                   || total
-------------------------++-------
Melee: Short sword       ||    39
  Use: Scroll            ||     1
Armor: Robe              ||     7
Dodge: Dodged            ||    24

Table legend: (Time is in decaauts)
 A = Elapsed time spent in this place.
 B = Non-inter-level travel time spent in this place.
 C = Inter-level travel time spent in this place.
 D = Time resting spent in this place.
 E = Time spent auto-exploring this place.
 F = Levels seen in this place.
 G = Mean time per level.
                   A        B        C        D        E       F      G
               +--------+--------+--------+--------+--------+-----+--------+
         Total |    266 |    266 |      0 |      0 |    196 |   1 |  266.0 |
       Dungeon |    266 |    266 |      0 |      0 |    196 |   1 |  266.0 |
               +--------+--------+--------+--------+--------+-----+--------+

Top non-repeatable levels by time:
     D:1: 266 daAuts
